 Dungeon Crawl Stone Soup version 0.13-a0-2484-gc765b08 (webtiles) character file.

273 Grabo the Ruffian (level 4, 0/42 HPs)
             Began as a Troll Artificer on July 20, 2013.
             Slain by Grinder (6 damage)
             ... on Level 4 of the Dungeon.
             The game lasted 00:03:40 (2040 turns).

Grabo the Ruffian (Troll Artificer)                 Turns: 2040, Time: 00:03:40

HP   0/42        AC  5     Str 19      XL: 4   Next:  5%
MP   3/3         EV 10     Int  8      God:
Gold 202         SH  0     Dex 11      Spells:  0 memorised,  3 levels left

Res.Fire  : . . .   See Invis. : .     - Unarmed
Res.Cold  : . . .   Warding    : .   e - +0 robe
Life Prot.: . . .   Conserve   : .   (shield restricted)
Res.Poison: .       Res.Corr.  : .   (helmet restricted)
Res.Elec. : .       Clarity    : .   (no cloak)
Sust.Abil.: . .     Spirit.Shd : .   (gloves unavailable)
Res.Mut.  : .       Stasis     : .   (boots unavailable)
Res.Rott. : .       Flight     : .   (no amulet)
Gourmand  : +                        (no ring)
                                     (no ring)

@: slightly resistant to hostile enchantments, unstealthy
A: unfitting armour, claws 3, fast metabolism 3, gourmand, regeneration 2,
saprovore 2, tough skin 2, AC +1
a: no special abilities


You were on level 4 of the Dungeon.
You were not hungry.

You visited 1 branch of the dungeon, and saw 4 of its levels.

You collected 182 gold pieces.

Inventory:

Armour
 e - a +0 robe (worn)
Magical devices
 b - a wand of flame (15)
 c - a wand of enslavement (15)
 d - a wand of random effects (15)
Comestibles
 a - 5 meat rations
 f - 2 bread rations
 k - 3 pears
 n - a beef jerky
 p - an apple
 r - a banana
Scrolls
 g - a scroll of remove curse {unknown}
 h - 4 scrolls of enchant weapon II {unknown}
 i - a scroll of blinking {unknown}
 j - a scroll of identify {unknown}
 l - 2 scrolls of recharging
 s - 3 scrolls of enchant armour {unknown}
Jewellery
 q - an uncursed ring of see invisible {unknown}
Potions
 m - a potion of beneficial mutation {unknown}
 o - 3 potions of curing {unknown}


   Skills:
 - Level 0.7 Fighting
 - Level 1.5 Dodging
 - Level 0.4 Stealth
 + Level 3.9 Unarmed Combat
 - Level 2.1 Evocations


You had 3 spell levels left.
You didn't know any spells.

Dungeon Overview and Level Annotations

Branches:
Dungeon (4/27)
 Temple: D:4-7

Altars:
Cheibriados

Annotations
D:4 Grinder


Innate Abilities, Weirdness & Mutations

You are too large for most types of armour.
You have claws for hands.
Your metabolism is lightning-fast.
You like to eat raw meat.
You heal very quickly.
You can eat rotten meat.
You are covered in fur (AC +1).
You have very tough skin (AC +2).


Message History

The quokka bites you. Grinder hits you!
You writhe in agony.
The quokka bites you. Grinder hits you!
You writhe in agony.
The quokka bites you but does no damage.
Grinder hits you but does no damage. The quokka bites you.
Grinder hits you but does no damage.
The quokka bites you but does no damage.
Grinder gestures at you. Pain shoots through your body!
* * * LOW HITPOINT WARNING * * *
The quokka bites you but does no damage.
Grinder gestures at you. Pain shoots through your body!
* * * LOW HITPOINT WARNING * * *
You can move again.
You closely miss Grinder.
Grinder is lightly wounded.
The quokka closely misses you. Grinder hits you.
* * * LOW HITPOINT WARNING * * *
You writhe in agony.
You die...

. ##. #.. #.# #.#
########## #.#
#...<....# #.#
#..<..##>###
#r########
###........#
#@........
#........###5.#######
#.......>.....>......
#........###..######
#...(....# #..#
######.### #..# #.#
#..# #.# #... #.#
##.##


You could see Grinder and a quokka.

Vanquished Creatures
  2 adders (D:2)
  A worm (D:3)
  4 goblins
  3 hobgoblins
  3 jackals (D:2)
  4 kobolds
  An ooze (D:3)
  A quokka (D:2)
  2 ball pythons
  7 bats
  3 giant cockroaches
  2 giant geckos
  3 giant newts
  9 rats
45 creatures vanquished.

Notes
Turn   | Place    | Note
--------------------------------------------------------------
     0 | D:1      | Grabo, the Troll Artificer, began the quest for the Orb.
     0 | D:1      | Reached XP level 1. HP: 20/20 MP: 1/1
   200 | D:1      | Reached XP level 2. HP: 26/28 MP: 1/1
   686 | D:2      | Reached skill level 3 in Unarmed Combat
   686 | D:2      | Reached XP level 3. HP: 30/35 MP: 3/3
  1350 | D:3      | Reached XP level 4. HP: 42/42 MP: 3/3
  1591 | D:3      | Found a snail-covered altar of Cheibriados.
  2030 | D:4      | Noticed Grinder
  2032 | D:4      | Paralysed by Grinder for 7 turns
  2040 | D:4      | Slain by Grinder

Action                   |  1- 3 |  4- 6 || total
-------------------------+-------+-------++-------
Melee: Unarmed           |   111 |    20 ||   131
  Use: Potion            |     2 |       ||     2
 Stab: Sleeping          |     1 |       ||     1
